 Dungeon Crawl Stone Soup version 0.29-a0-977-g7483850d73 (webtiles) character file.

Game seed: 6604692952194188878

5381 GordonOverkill the Grappler (level 10, -5/106 HPs)
             Began as a Troll Earth Elementalist on July 24, 2022.
             Was a Follower of Trog.
             Shot with an arrow by a centaur warrior (22 damage)
             ... on level 9 of the Dungeon on Aug 1, 2022.
             The game lasted 00:21:52 (8036 turns).

GordonOverkill the Grappler (TrEE)                  Turns: 8036, Time: 00:21:53

Health: -5/106     AC:  9    Str: 22    XL:     10   Next: 39%
Magic:  10/10      EV: 24    Int:  9    God:    Trog [*.....]
Gold:   274        SH:  0    Dex: 10    Spells: 11/11 levels left

rFire   + . .      SeeInvis +     - Unarmed
rCold   + + .      Faith    .   (no shield)
rNeg    . . .      Spirit   .   c - +0 robe "Ochuib" {rF+ rC++ Int-2 SInv}
rPois   .          Reflect  .   (helmet restricted)
rElec   .          Harm     .   v - +0 cloak
rCorr   +          Rampage  .   (gloves unavailable)
Will    .....                   (boots unavailable)
Stlth   +.........              k - amulet of the acrobat
HPRegen 1.07/turn               o - ring of resist corrosion
MPRegen 0.12/turn               z - +4 ring of protection

@: acrobatic
A: large, unfitting armour, claws 3, regeneration 1, shaggy fur 1, tough skin 1
a: Renounce Religion, Berserk


You were on level 9 of the Dungeon.
You worshipped Trog.
Trog was aware of your devotion.
You visited 2 branches of the dungeon, and saw 10 of its levels.

You collected 541 gold pieces.
You spent 267 gold pieces at shops.

Inventory:

Missiles
 p - a silver boomerang
Armour
 c - the +0 robe "Ochuib" (worn) {rF+ rC++ Int-2 SInv}
   (You bought it in a shop on level 5 of the Dungeon)

   Int:       It affects your intelligence (-2).
   rF:        It protects you from fire.
   rC:        It greatly protects you from cold.
   SInv:      It lets you see invisible.
 v - a +0 cloak (worn)
Jewellery
 e - a ring of see invisible
 g - a ring of protection from cold
 k - an amulet of the acrobat (around neck)
 o - a ring of resist corrosion (left claw)
 z - a +4 ring of protection (right claw)
 A - an amulet of faith
Wands
 s - a wand of mindburst (16)
 x - a wand of paralysis (10)
 G - a wand of roots (10)
Scrolls
 a - a scroll of identify
 h - a scroll of silence
 i - 2 scrolls of poison
 l - a scroll of torment
 m - 4 scrolls of teleportation
 n - 3 scrolls of butterflies
 r - a scroll of brand weapon
 y - a scroll of fear
 D - a scroll of immolation
Potions
 b - a potion of magic
 d - 4 potions of curing
 f - 5 potions of attraction
 j - 6 potions of mutation
 q - a potion of haste
 t - 3 potions of might
 u - a potion of berserk rage
 w - a potion of cancellation
 C - a potion of invisibility
 E - a potion of lignification
 F - a potion of heal wounds


   Skills:
 + Level 8.7 Fighting
 - Level 1.5 Dodging
 - Level 1.0 Stealth
 + Level 10.4 Unarmed Combat
 - Level 1.2 Spellcasting
 - Level 0.6 Transmutations
 - Level 2.6 Earth Magic
 + Level 3.5 Evocations


You had 11 spell levels left.
You didn't know any spells.
Your spell library contained the following spells:

 Spells                   Type           Power      Damage    Failure   Level
 Sandblast                Erth           10%        2d5       12%         1
 Passwall                 Tmut/Erth      2%         N/A       28%         2
 Magic Dart               Conj           0%         1d3       36%         1
 Slow                     Hex            0%         N/A       36%         1
 Call Imp                 Summ           0%         N/A       50%         2
 Stone Arrow              Conj/Erth      4%         3d7       54%         3
 Ignite Poison            Fire/Tmut/Pois 0%         N/A       69%         3
 Call Canine Familiar     Summ           0%         N/A       73%         3
 Confusing Touch          Hex            0%         N/A       73%         3
 Conjure Flame            Conj/Fire      0%         6-21      73%         3
 Gell's Gravitas          Tloc           0%         N/A       73%         3
 Mephitic Cloud           Conj/Pois/Air  0%         N/A       73%         3
 Portal Projectile        Hex/Tloc       0%         N/A       73%         3
 Teleport Other           Tloc           0%         N/A       73%         3
 Tukima's Dance           Hex            0%         N/A       73%         3
 Vampiric Draining        Necr           0%         2d6       73%         3
 Petrify                  Tmut/Erth      3%         N/A       88%         4
 Leda's Liquefaction      Hex/Erth       1%         N/A       91%         4
 Anguish                  Hex/Necr       0%         N/A       98%         4
 Passage of Golubria      Tloc           0%         N/A       98%         4
 Sticky Flame             Conj/Fire      0%         2d3       98%         4
 Yara's Violent Unravell  Hex/Tmut       0%         3d3       100%        5
 Dispersal                Tloc           0%         N/A       100%        6
 Enfeeble                 Hex            0%         N/A       100%        7


Dungeon Overview and Level Annotations

Branches:
Dungeon (9/15)             Temple (1/1) D:7            Lair (0/5) D:8
    Orc: D:9-12

Altars:
Ashenzari
Dithmenos
Fedhas
Gozag
Hepliaklqana
Kikubaaqudgha
Makhleb
Nemelex Xobeh
Okawaru
Qazlal
Ru
Sif Muna
Trog
Vehumet
Wu Jian
Xom
Yredelemnul
Zin

Shops:
D:5 *

Annotations:
D:3 2 runed translucent doors, Smoky173's ghost, weakling DsNe


Innate Abilities, Weirdness & Mutations

You are too large for most types of armour.
You have claws for hands.
Your natural rate of healing is unusually fast.
You are covered in fur. (AC +1)
You have tough skin. (AC +1)


Message History

The arrow barely misses you.
The centaur shoots an arrow.
The arrow hits you.
The centaur shoots an arrow.
The arrow misses you.
The centaur unwields a +1 shortbow of flaming.
It stops flaming.
The centaur barely misses you. The centaur misses you.
You claw the centaur!
The centaur is heavily wounded.
The centaur hits you but does no damage.
The centaur barely misses you.
You claw the centaur!
You kill the centaur!
Trog accepts your kill.
No target in view!
No target in view!
No target in view!
Things that are here:
a +1 shortbow of flaming; a centaur corpse You start waiting.
Done waiting. 2 centaur warriors come into view.
The centaur warrior shouts!
The centaur warrior wields a +0 longbow.
The centaur warrior shoots an arrow.
The arrow barely misses you.
The centaur warrior shoots an arrow.
The arrow completely misses you.
The centaur warrior shoots an arrow.
The arrow completely misses you.
The centaur warrior shoots an arrow.
The arrow hits you!
The centaur warrior wields a +0 longbow.
The centaur warrior shoots an arrow.
The arrow hits you!
The centaur warrior shoots an arrow.
The arrow closely misses you.
The centaur warrior shoots an arrow.
The arrow hits you!!
* * * LOW HITPOINT WARNING * * *
The centaur warrior shoots an arrow.
The arrow misses you.
The centaur warrior shoots an arrow.
The arrow hits you!!
* * * LOW HITPOINT WARNING * * *
The centaur warrior shoots an arrow.
The arrow hits you!!
* * * LOW HITPOINT WARNING * * *
You hear two shouts!
The centaur warrior shoots an arrow.
The arrow misses you.
The centaur warrior shoots an arrow.
The arrow hits you!!
You die...

#########..# ......# ...##......#
. .....+ ...##......# .. ....#
...##...##'######...#####...#
...##...#...........#...#...#
...##...#...........#..)#...#
#########...........#...#...#
........#...#######+#...#...#####
....#...#...#.c.@.....8.#.......#
....#...#...#....8......#.......#
........#...#.......$...'.......#
........#...###+#..[?!..#####...#
....#####.......#.../..c.. #...#
....# #.......#......8....#...#
....# #.......#.8.........#...#
.#..# #####...#...#+#######..[#
.#..# #...#... ........).#


You could see 2 centaur warriors.

Vanquished Creatures
  Grinder (D:3)
  Prince Ribbit (D:5)
  2 wyverns
  Sigmund (D:5)
  3 yaks (D:8)
  2 wargs (D:8)
  Menkaure (D:7)
  An acid dragon (D:9)
  A water moccasin (D:5)
  Duvessa (D:4)
  4 sky beasts
  2 orc warriors
  3 ogres
  A phantom (D:6)
  4 centaurs
  A gnoll sergeant (D:7)
  4 scorpions
  4 necrophages
  8 wights
  Dowan (D:4)
  A killer bee (D:9)
  5 howler monkeys
  7 hounds
  6 orc priests
  A gnoll bouda (D:9)
  Crazy Yiuf (D:3)
  Ijyb (D:4)
  An iguana (D:5)
  Natasha (twice) (D:2)
  4 orc wizards
  Robin (D:2)
  8 gnolls (D:7)
  8 adders
  A shadow imp (D:7)
  3 white imps
  3 worms
  5 dart slugs
  27 orcs
  14 endoplasms
  3 giant cockroaches
  20 goblins
  10 hobgoblins
  10 jackals
  7 kobolds
  5 quokkas
  11 ball pythons
  9 bats
  7 rats
227 creatures vanquished.

Notes
Turn   | Place    | Note
-------+----------+-------------------------------------------
     0 | D:1      | GordonOverkill the Troll Earth Elementalist began the quest
                  | for the Orb.
     0 | D:1      | Reached XP level 1. HP: 16/16 MP: 1/1
   203 | D:1      | Reached skill level 1 in Unarmed Combat
   208 | D:1      | Reached XP level 2. HP: 24/26 MP: 2/2
   226 | D:1      | Reached skill level 1 in Fighting
   634 | D:1      | Reached XP level 3. HP: 33/33 MP: 3/3
   860 | D:1      | Reached skill level 2 in Unarmed Combat
   985 | D:2      | Noticed Natasha
   998 | D:2      | Killed Natasha
   999 | D:2      | Reached XP level 4. HP: 17/42 MP: 4/4
  1387 | D:2      | Reached skill level 3 in Unarmed Combat
  1631 | D:2      | Noticed Natasha
  1639 | D:2      | Killed Natasha
  1640 | D:2      | Reached XP level 5. HP: 43/50 MP: 5/5
  1754 | D:2      | Noticed Robin
  1778 | D:2      | Killed Robin
  1847 | D:2      | You fall into a shaft and drop 2 floors!
  1924 | D:4      | Reached skill level 4 in Unarmed Combat
  1924 | D:4      | Reached XP level 6. HP: 34/61 MP: 6/6
  1955 | D:4      | Noticed Duvessa
  1975 | D:4      | Noticed Dowan
  1992 | D:4      | Killed Dowan
  2029 | D:4      | Noticed Ijyb
  2041 | D:4      | Killed Ijyb
  2113 | D:4      | Found a hazy altar of Hepliaklqana.
  2335 | D:4      | Reached skill level 5 in Unarmed Combat
  2335 | D:4      | Reached XP level 7. HP: 66/70 MP: 7/7
  2602 | D:4      | Killed Duvessa
  2797 | D:3      | Found a runed translucent door.
  2798 | D:3      | Noticed Crazy Yiuf
  2879 | D:3      | Found a runed translucent door.
  2880 | D:3      | Noticed Grinder
  2888 | D:3      | Paralysed by Grinder for 5 turns
  2902 | D:3      | Killed Grinder
  2903 | D:3      | Reached skill level 5 in Fighting
  2903 | D:3      | Reached skill level 6 in Unarmed Combat
  3364 | D:3      | Found a runed translucent door.
  3365 | D:3      | Noticed Smoky173's ghost (weakling DsNe)
  3450 | D:3      | Identified the +6 dagger of Resourcefulness {venom, Dex+5
                  | Stlth+}
  3600 | D:3      | Reached XP level 8. HP: 80/80 MP: 8/8
  3863 | D:3      | Killed Crazy Yiuf
  4120 | D:5      | Entered Level 5 of the Dungeon
  4218 | D:5      | Upgraded the game from 0.29-a0-902-g0f71de6fce to
                  | 0.29-a0-977-g7483850d73
  4231 | D:5      | Found Hata's Assorted Antiques.
  4242 | D:5      | Bought a silken robe for 142 gold pieces
  4242 | D:5      | Identified the +0 robe "Ochuib" {rF+ rC++ Int-2 SInv} (You
                  | bought it in a shop on level 5 of the Dungeon)
  4242 | D:5      | Bought a scroll of teleportation for 75 gold pieces
  4242 | D:5      | Bought a scroll labelled DOUTOST IFILO for 25 gold pieces
  4272 | D:5      | Noticed Sigmund
  4282 | D:5      | Killed Sigmund
  4564 | D:5      | Reached skill level 7 in Unarmed Combat
  4652 | D:5      | Found a shadowy altar of Dithmenos.
  5118 | D:5      | Noticed Prince Ribbit
  5123 | D:5      | Killed Prince Ribbit
  5346 | D:5      | Bought a scroll labelled SUSUGEIRIX for 25 gold pieces
  5459 | D:5      | Reached skill level 8 in Unarmed Combat
  5518 | D:5      | Reached XP level 9. HP: 82/92 MP: 9/9
  5777 | D:6      | Reached skill level 9 in Unarmed Combat
  6297 | D:7      | Reached skill level 1 in Evocations
  6397 | D:7      | Found a staircase to the Ecumenical Temple.
  6420 | Temple   | Entered the Ecumenical Temple
  6439 | Temple   | Became a worshipper of Trog the Wrathful
  6553 | D:7      | Noticed Menkaure
  6555 | D:7      | Killed Menkaure
  6621 | D:7      | Found a glowing silver altar of Zin.
  6920 | D:8      | Reached XP level 10. HP: 97/104 MP: 10/10
  6946 | D:8      | Found a staircase to the Lair.
  6950 | D:8      | Reached skill level 10 in Unarmed Combat
  6960 | D:8      | Reached * piety under Trog
  7804 | D:9      | Identified the +3 short sword "Fastryuli" {venom, Str+3}
  8031 | D:9      | Noticed a centaur warrior
  8031 | D:9      | Noticed a centaur warrior
  8036 | D:9      | Shot with an arrow by a centaur warrior

Illustrated notes

Levels and vault maps discovered:
D:1:      dpeg_arrival_water_temple_mockup, layout_basic
D:2:      minmay_razor_zed, layout_basic, kennysheep_generic_room_9,
          uniq_natasha, uniq_robin
D:3:      cheibrodos_old_hovel, layout_basic, ebering_ghost_sewer_f,
          minmay_door_square, uniq_crazy_yiuf_cottage, uniq_grinder
D:4:      layout_loops_ring, overflow_temple_1_default, uniq_ijyb, uniq_duvessa
D:5:      layout_layer_cave, grunt_dithmenos_smoke, serial_shops,
          shop_fountains, uniq_prince_ribbit1, uniq_sigmund
D:6:      layout_cave_pools, kennysheep_dice
D:7:      layout_cave_pools, kennysheep_mini_moat, temple_doors_e, uniq_menkaure
D:8:      layout_basic, erik_lair_orcish_takeover, serial_bayou_pond_d
D:9:      kennysheep_blocky_room, layout_stronghold,
          chequers_temple_overflow_statue_of_worship,
          ebering_ghost_reflecting_pool, minivault_21
Temple:   hellmonk_temple_two_chambers

Skill      XL: |  1  2  3  4  5  6  7  8  9 10 |
---------------+-------------------------------+-----
Unarmed Combat | 1 2 3 4 5 6 8 9 10 | 10.4
Fighting       | 1 2 3 4 5 6 8 |  8.7
Evocations     | 2 3 |  3.5
Dodging        | |  1.5
Stealth        | |  1.0
Spellcasting   | |  1.2
Transmutations | |  0.6
Earth Magic    | |  2.6

Action                   |  1- 3 |  4- 6 |  7- 9 | 10-12 || total
-------------------------+-------+-------+-------+-------++-------
Melee: Unarmed           |    98 |   183 |   295 |    89 ||   665
       Punch             |     2 |     7 |    10 |     2 ||    21
Evoke: Wand              |       |       |    13 |       ||    13
  Use: Scroll            |       |     5 |    10 |     5 ||    20
       Potion            |       |       |     7 |       ||     7
 Stab: Sleeping          |     3 |     1 |     2 |       ||     6
       Invisible         |       |       |     1 |       ||     1
Armor: Robe              |    25 |    56 |    66 |    28 ||   175
Dodge: Dodged            |    40 |    59 |   153 |    45 ||   297

Table legend: (Time is in decaauts)
 A = Elapsed time spent in this place.
 B = Non-inter-level travel time spent in this place.
 C = Inter-level travel time spent in this place.
 D = Time resting spent in this place.
 E = Time spent auto-exploring this place.
 F = Levels seen in this place.
 G = Mean time per level.
                   A        B        C        D        E       F      G
               +--------+--------+--------+--------+--------+-----+--------+
         Total |   7951 |   7652 |    299 |    687 |   5359 |  10 |  795.1 |
       Dungeon |   7928 |   7629 |    299 |    679 |   5359 |   9 |  880.9 |
        Temple |     23 |     23 |      0 |      8 |      0 |   1 |   23.0 |
               +--------+--------+--------+--------+--------+-----+--------+

Top non-repeatable levels by time:
     D:5: 1541 daAuts
     D:3: 1231 daAuts
     D:2: 1091 daAuts
     D:1: 916 daAuts
     D:4: 856 daAuts
     D:8: 677 daAuts
     D:9: 571 daAuts
     D:6: 531 daAuts
     D:7: 511 daAuts
  Temple: 23 daAuts
